 Dungeon Crawl Stone Soup version 0.31-a0-261-g072fdb8a1f (webtiles) character file.

Game seed: 4975595131302840998

118 qw the Shooter (level 4, -3/36 HPs)
             Began as a Minotaur Hexslinger on July 13, 2023.
             Killed from afar by an orc wizard (6 damage)
             ... with a puff of flame
             ... on level 3 of the Dungeon.
             The game lasted 00:00:53 (2239 turns).

qw the Shooter (Minotaur Hexslinger)                Turns: 2239, Time: 00:00:54

Health: -3/36      AC:  4    Str: 13    XL:     4   Next: 72%
Magic:  4/4        EV: 12    Int: 10    God:
Gold:   152        SH:  0    Dex: 14    Spells: 4/5 levels left

rFire   . . .        Y - +1 sling
rCold   . . .        (no shield)
rNeg    . . .        m - +0 leather armour
rPois   .            (helmet restricted)
rElec   .            (no cloak)
rCorr   .            g - +0 pair of gloves
SInv    .            (no boots)
Will    .....        (no amulet)
Stlth   +            (no ring)
HPRegen 0.26/turn    (no ring)
MPRegen 0.09/turn

%: no passive effects
@: about to teleport
A: horns 2, retaliatory headbutt
a: no special abilities


You were on level 3 of the Dungeon.
You visited 1 branch of the dungeon, and saw 3 of its levels.

You collected 152 gold pieces.


Innate Abilities, Weirdness & Mutations

You have a pair of horns on your head.
You reflexively headbutt those who attack you in melee.


   Skills:
 + Level 2.1 Fighting
 - Level 5.2 Ranged Weapons
 - Level 2.1 Dodging
 - Level 1.0 Spellcasting
 - Level 2.0 Hexes


You had 4 spell levels left.
You knew the following spells:

 Your Spells              Type           Power      Damage    Failure   Level
a - Slow                  Hex            16%        N/A       19%         1

Your spell library contained the following spells:

 Spells                   Type           Power      Damage    Failure   Level
 Inner Flame              Hex/Fire       2%         N/A       65%         3
 Portal Projectile        Hex/Tloc       4%         N/A       65%         3
 Cause Fear               Hex            2%         N/A       88%         4

Inventory:

Hand Weapons
 Y - a +1 sling (weapon)
Armour
 c - a +1 ring mail of poison resistance
 g - a +0 pair of gloves (worn)
 m - a +0 leather armour (worn)
Scrolls
 a - a scroll of identify
 f - a scroll of teleportation
Potions
 b - a potion of haste {unknown}

Dungeon Overview and Level Annotations

Branches:
Dungeon (3/15)

Altars:


Message History

Enter note:
Enter note:
Enter note:
Enter note:
Enter note: You shoot a sling bullet.
The sling bullet closely misses the orc wizard.
The orc wizard points at you and mumbles some strange words.
The magic dart hits you! The orc wizard casts a spell at you.
The magic dart hits you!
You shoot a sling bullet.
The sling bullet closely misses the orc wizard.
You shoot a sling bullet.
The sling bullet barely misses the orc wizard.
You shoot a sling bullet.
The sling bullet closely misses the orc wizard.
The orc wizard gestures at you while chanting.
The puff of flame hits you. The orc wizard casts a spell at you.
The puff of flame hits you.
You shoot a sling bullet.
The sling bullet closely misses the orc wizard.
The orc wizard points at you and mumbles some strange words.
The magic dart hits you.
You shoot a sling bullet.
The sling bullet barely misses the orc wizard.
The orc wizard misses you.
You shoot a sling bullet.
The sling bullet barely misses the orc wizard.
The orc wizard hits you with a +0 dagger.
The orc wizard points at you and mumbles some strange words.
The magic dart hits you.
2239 ||| READING 2 scrolls of teleportation.
As you read the scroll of teleportation, it crumbles to dust.
You feel strangely unstable. The orc wizard barely misses you.
The orc wizard casts a spell at you. The puff of flame hits you.
You die...

##...## #.....# #.
## ##...## #. .#
##.## ..#. #.# #...
#.# #).# ####)## ..#
.##.%.## ##o######
)#.....## ##.@.....#
........##
##...####.#
.........####......#
.........'...)..o#.#
...).....####...##.#
#.......## ##..# #
##.....## #....
##...## #.###.#
##+## #.# #


You could see 2 orc wizards.

Vanquished Creatures
  An orc priest (D:3)
  Robin (D:2)
  An adder (D:2)
  A worm (D:2)
  A dart slug (D:2)
  2 orcs (D:3)
  5 ball pythons
  8 endoplasms
  11 goblins
  6 hobgoblins
  2 jackals (D:1)
  4 quokkas
  6 bats
  2 frilled lizards
  2 kobolds (D:2)
  3 rats
56 creatures vanquished.

Notes
Turn   | Place    | Note
-------+----------+-------------------------------------------
     0 | D:1      | qw the Minotaur Hexslinger began the quest for the Orb.
     0 | D:1      | Reached XP level 1. HP: 16/16 MP: 1/1
     0 | D:1      | 0 ||| qw: Version: 0.3-a-52-g30416fa
     0 | D:1      | 0 ||| qw: Game counter: 7027
     0 | D:1      | 0 ||| qw: Melee chars always use a shield: true
     0 | D:1      | 0 ||| qw: God list: Okawaru
     0 | D:1      | 0 ||| qw: Allow faded altars: false
     0 | D:1      | 0 ||| qw: Do Orc after clearing Dungeon:15 true
     0 | D:1      | 0 ||| qw: Do second Lair branch before Depths: true
     0 | D:1      | 0 ||| qw: Lair rune preference: random
     0 | D:1      | 0 ||| qw: Goals: Normal
     0 | D:1      | 0 ||| PLANNING D:1-11
   172 | D:1      | Reached skill level 3 in Ranged Weapons
   172 | D:1      | Reached XP level 2. HP: 23/23 MP: 2/2
   936 | D:1      | 936 ||| UPGRADING to +0 pair of gloves.
   941 | D:1      | 941 ||| UPGRADING to +0 leather armour.
   951 | D:1      | 951 ||| DROPPING +0 robe.
   952 | D:1      | 952 ||| DROPPING amulet of magic regeneration.
   953 | D:1      | 953 ||| READING 2 scrolls labelled LEUGGEBERIE.
   954 | D:1      | 954 ||| READING 3 scrolls labelled HEKHUG RUIZAY.
   959 | D:1      | 959 ||| READING scroll labelled PAINEL YKASU.
   960 | D:1      | 960 ||| READING scroll labelled QOAHECSOL ZUKK.
   961 | D:1      | 961 ||| DRINKING 2 orange potions.
   962 | D:1      | 962 ||| DROPPING scroll of fear.
   963 | D:1      | 963 ||| DROPPING scroll of poison.
   964 | D:1      | 964 ||| DROPPING potion of brilliance.
  1021 | D:2      | Reached XP level 3. HP: 29/29 MP: 3/3
  1120 | D:2      | Noticed Robin
  1136 | D:2      | Killed Robin
  1137 | D:2      | Reached skill level 4 in Ranged Weapons
  1233 | D:2      | 1233 ||| FLEEEEING.
  1234 | D:2      | 1234 ||| FLEEEEING.
  1365 | D:2      | Reached XP level 4. HP: 29/36 MP: 4/4
  1465 | D:2      | Identified the +5 dagger of Xorozaic {flame, rF+ Int+5
                  | Dex+5}
  1881 | D:2      | 1881 ||| READING 4 scrolls of identify.
  1881 | D:2      | 1881 ||| IDENTIFYING smoky cyan potion
  1882 | D:2      | 1882 ||| READING 3 scrolls of identify.
  1882 | D:2      | 1882 ||| IDENTIFYING coppery potion
  1883 | D:2      | 1883 ||| READING 2 scrolls of identify.
  1883 | D:2      | 1883 ||| IDENTIFYING viscous orange potion
  1884 | D:2      | 1884 ||| DROPPING potion of attraction.
  1885 | D:2      | 1885 ||| DROPPING potion of degeneration.
  2064 | D:3      | Reached skill level 5 in Ranged Weapons
  2068 | D:3      | HP: 4/36 [orc wizard/puff of flame (13)]
  2069 | D:3      | 2069 ||| READING 3 scrolls of teleportation.
  2070 | D:3      | 2070 ||| DRINKING potion of heal wounds.
  2238 | D:3      | HP: 8/36 [orc wizard/+0 dagger (2)]
  2238 | D:3      | HP: 3/36 [orc wizard/magic dart (5)]
  2239 | D:3      | 2239 ||| READING 2 scrolls of teleportation.
  2239 | D:3      | Killed from afar by an orc wizard

Levels and vault maps discovered:
D:1:      kennysheep_arrival_forest, layout_loops_corners, minmay_pentomino_s4
D:2:      layout_loops_ring, minmay_tree_intersection, kennysheep_potato,
          uniq_robin
D:3:      layout_loops_corners, nicolae_houndstooth_variations

Skill      XL: |  1  2  3  4 |
---------------+-------------+-----
Ranged Weapons | 3 4 5 |  5.2
Fighting       | 2 |  2.1
Dodging        | |  2.1
Spellcasting   | |  1.0
Hexes          | |  2.0

Action                     |  1- 3 |  4- 6 || total
---------------------------+-------+-------++-------
   Fire: Sling             |   142 |    52 ||   194
    Use: Scroll            |     4 |     5 ||     9
         Potion            |     1 |     1 ||     2
 Armour: Robe              |     6 |       ||     6
         Leather armour    |    17 |     3 ||    20
  Dodge: Dodged            |    35 |    12 ||    47

Table legend:
 A = Non-vault XP
 B = Vault XP
 C = Vault XP percentage of total XP
 D = Non-vault monster count
 E = Vault monster count
 F = Vault count percentage of total count
                 A         B        C        D         E       F
            +---------+---------+-------+---------+---------+-------
      Total |     135 |      34 |  20.1 |      44 |      12 |  21.4
            +---------+---------+-------+---------+---------+-------
        D:1 |      35 |       5 |  12.5 |      20 |       3 |  13.0
        D:2 |      42 |      29 |  40.8 |      15 |       9 |  37.5
        D:3 |      58 |       0 |   0.0 |       9 |       0 |   0.0
            +---------+---------+-------+---------+---------+-------
